 Dungeon Crawl Stone Soup version 0.28-a0-1190-g77e1c55843 (webtiles) character file.

Game seed: 7852680816876164311

23 Sabo the Firebug (level 3, -1/26 HPs)
             Began as a Hill Orc Fire Elementalist on Dec 18, 2021.
             Frozen to death by an endoplasm (5 damage)
             ... on level 1 of the Dungeon.
             The game lasted 00:05:21 (1621 turns).

Sabo the Firebug (Hill Orc Fire Elementalist)       Turns: 1621, Time: 00:05:21

Health: -1/26      AC:  2    Str: 10    XL:     3   Next: 0%
Magic:  2/5        EV: 12    Int: 17    God:
Gold:   18         SH:  0    Dex: 11    Spells: 4/5 levels left

rFire   . . .      SeeInvis .   d - +0 war axe
rCold   . . .      Faith    .   (no shield)
rNeg    . . .      Spirit   .   a - +0 robe
rPois   .          Reflect  .   (no helmet)
rElec   .          Harm     .   (no cloak)
rCorr   .          Rampage  .   (no gloves)
Will    .....                   (no boots)
Stlth   ++........              (no amulet)
HPRegen 0.08/turn               (no ring)
MPRegen 0.09/turn               (no ring)

@: lethally poisoned (-1 -> -1)
A: no striking features
a: no special abilities


You were on level 1 of the Dungeon.
You visited 1 branch of the dungeon, and saw 1 of its levels.

You collected 18 gold pieces.

Inventory:

Hand Weapons
 c - a +0 club
 d - a +0 war axe (weapon)
 e - a +0 hunting sling
Missiles
 b - 38 stones
Armour
 a - a +0 robe (worn)


   Skills:
 + Level 0.2 Fighting
 + Level 0.2 Axes
 + Level 1.8 Dodging
 + Level 1.6 Stealth
 + Level 1.8 Spellcasting
 + Level 1.1 Conjurations
 + Level 3.8 Fire Magic


You had 4 spell levels left.
You knew the following spells:

 Your Spells              Type           Power      Damage    Failure   Level
a - Foxfire               Conj/Fire      40%        2x1d6     7%          1

Your spell library contained the following spells:

 Spells                   Type           Power      Damage    Failure   Level
 Scorch                   Fire           28%        2d6       6%          2
 Conjure Flame            Conj/Fire      10%        6-21      22%         3
 Inner Flame              Hex/Fire       8%         N/A       26%         3
 Flame Wave               Conj/Fire      10%        2d5       56%         4


Dungeon Overview and Level Annotations

Branches:
Dungeon (1/15)

Altars:


Message History

The kobold shouts!
You hit the endoplasm.
The endoplasm is lightly wounded.
The endoplasm misses you. The kobold hits you but does no damage.
You are poisoned.
Casting: Foxfire (safe; 9% risk of failure)
Confirm with . or Enter, or press ? or * to list all spells.
You conjure some foxfire!
You feel sick. The endoplasm barely misses you.
The kobold hits you but does no damage.
You are more poisoned.
You completely miss the endoplasm.
The endoplasm is lightly wounded.
You hit the kobold.
You kill the kobold!
You feel very sick. The endoplasm hits you. The endoplasm barely misses you.
You have reached level 3!
Your experience leads to an increase in your attributes!
Increase (S)trength, (I)ntelligence, or (D)exterity?
You feel clever. x2
You hit the endoplasm.
The endoplasm is severely wounded.
You feel very sick. The endoplasm closely misses you.
You completely miss the endoplasm.
The endoplasm is severely wounded.
You feel sick. The endoplasm hits you. x2
You barely miss the endoplasm.
The endoplasm is severely wounded.
You feel sick. The endoplasm freezes you.
You are frozen.
* * * LOW HITPOINT WARNING * * *
You feel sick.
Casting: Foxfire (safe; 7% risk of failure)
Confirm with . or Enter, or press ? or * to list all spells.
You conjure some foxfire!
You feel sick. The endoplasm freezes you.
You are frozen.
You die...

#.#
#.#..########
#.#
#.#.#........
#.#####.....##..
#...........##.#
#######.....##.#
# #..>.....# .#
##......## ..
##.###v##.#.#.#
#.# #@J.......
#.# #v##.###.#
#.....# #
#....$. ###.....
#######


You could see an endoplasm (ally target).

Vanquished Creatures
  2 dart slugs (D:1)
  2 ball pythons (D:1)
  2 endoplasms (D:1)
  3 giant cockroaches (D:1)
  2 goblins (D:1)
  2 kobolds (D:1)
  A quokka (D:1)
  2 bats (D:1)
  2 frilled lizards (D:1)
18 creatures vanquished.

Vanquished Creatures (others)
  26 foxfires (D:1)
26 creatures vanquished.

Grand Total: 44 creatures vanquished

Notes
Turn   | Place    | Note
-------+----------+-------------------------------------------
     0 | D:1      | Sabo the Hill Orc Fire Elementalist began the quest for the
                  | Orb.
     0 | D:1      | Reached XP level 1. HP: 14/14 MP: 3/3
   332 | D:1      | Reached XP level 2. HP: 16/20 MP: 0/4
  1617 | D:1      | Reached XP level 3. HP: 17/26 MP: 3/5
  1621 | D:1      | Frozen to death by an endoplasm

Illustrated notes

Levels and vault maps discovered:
D:1:      lemuel_arrival_behind_the_door_small, layout_loops_ring

Action                   || total
-------------------------++-------
Melee: Unarmed           ||    25
       War axe           ||    44
       Club              ||     3
 Cast: Foxfire           ||    30
Armor: Robe              ||    30
Dodge: Dodged            ||    60

Table legend: (Time is in decaauts)
 A = Elapsed time spent in this place.
 B = Non-inter-level travel time spent in this place.
 C = Inter-level travel time spent in this place.
 D = Time resting spent in this place.
 E = Time spent auto-exploring this place.
 F = Levels seen in this place.
 G = Mean time per level.
                   A        B        C        D        E       F      G
               +--------+--------+--------+--------+--------+-----+--------+
         Total |   1642 |   1642 |      0 |   1094 |      0 |   1 | 1642.0 |
       Dungeon |   1642 |   1642 |      0 |   1094 |      0 |   1 | 1642.0 |
               +--------+--------+--------+--------+--------+-----+--------+

Top non-repeatable levels by time:
     D:1: 1642 daAuts
